Map: 2000 Atmospheres LE

Players

A.I. 1 (Very Easy) - Winner!

  • Race: Zerg Zerg
  • Spawn Location: 7:00

oPZesty

  • Race: Zerg Zerg
  • League: Master
  • Spawn Location: 3:00

VOD

Have the link to the VOD?

Description

Time

  • Played on: July 20, 2021, 6:41 p.m.
  • Length: 5:32
Show
View Real Time Build Order
Export as new Build Order

A.I. 1 (Very Easy) Zerg - Winner!

Build Orders: Pool Only 

Get SALT Encoding   

  12  0:01  Drone  
  13  0:12  Overlord  
  13  0:16  Drone  
  14  0:35  Spawning Pool  
  13  0:36  Extractor  
  13  0:39  Drone  
  13  0:47  Drone  
  14  0:52  Overlord  
  14  1:22  Zergling x2  
  14  1:23  Queen  
  17  1:31  Roach Warren  
  16  1:32  Extractor  
  16  1:37  Drone  
  16  1:44  Drone  
  17  1:49  Zergling x2  
  18  2:03  Drone  
  19  2:10  Drone  
  20  2:16  Zergling x2  
  20  2:20  Drone  
  22  2:29  Overlord  
  22  2:34  Drone  
  23  2:41  Drone  
  23  2:44  Roach  
  26  2:48  Drone  
  27  4:07  Zergling x2  
Show
View Real Time Build Order
Export as new Build Order

oPZesty Zerg 

Build Orders: Hatch First 

Get SALT Encoding   

  12  0:00  Drone  
  13  0:12  Overlord  
  13  0:17  Drone  
  14  0:30  Drone x2  
  16  0:49  Hatchery  
  15  0:52  Drone  
  15  0:56  Drone  
  17  0:59  Drone  
  18  1:10  Extractor  
  17  1:15  Spawning Pool  
  17  1:17  Drone  
  17  1:21  Drone  
  18  1:27  Drone  
  19  1:38  Drone  
  20  1:48  Overlord  
  20  2:03  Queen x2  
  20  2:04  Zergling x4  
  26  2:14  Metabolic Boost  
  26  2:19  Drone x2  
  28  2:33  Hatchery  
  28  2:36  Drone  
  28  2:37  Drone  
  29  2:45  Drone  
  29  2:46  Drone  
  29  2:48  Drone  
  32  2:52  Drone  
  32  2:55  Queen  
  32  2:57  Drone  
  36  3:02  Overlord  
  36  3:06  Overlord  
  36  3:10  Overlord  
  36  3:14  Overlord  
  36  3:18  Overlord  
  36  3:22  Drone  
  36  3:25  Zergling x2  
  36  3:26  Zergling x2  
  39  3:30  Zergling x2  
  40  3:36  Zergling x2  
  41  3:42  Zergling x2  
  41  3:44  Zergling x4  
  41  3:45  Zergling x2  
  45  3:48  Zergling x10  
  50  3:56  Drone x2  
  50  3:58  Drone  
  53  4:04  Queen x2  
  53  4:05  Drone  
  58  4:11  Drone x2  
  58  4:14  Drone  
  61  4:18  Drone x3  
  61  4:20  Drone x2  
  61  4:21  Drone  
  61  4:24  Drone  
  68  4:25  Drone  
  68  4:27  Drone  
  68  4:31  Overlord  
  70  4:36  Extractor, Drone x2  
  70  4:37  Drone  
  73  4:38  Drone  
  73  4:47  Drone x5  
  78  4:55  Roach Warren  
  77  5:01  Drone x2  
  77  5:03  Zergling x10  
  84  5:12  Zergling x8  
Tags
 
Add a new tag
Caveats
  • Supply blocks, unpowered buildings, or Contaminate may cause inaccurate times.
  • Supply counts are checked every 10 seconds.